Map: Lerilak Crest

Players

Kingler

  • Race: Zerg Zerg
  • League: Grandmaster

Psychedelic - Winner!

  • Race: Protoss Protoss
  • League: Grandmaster

VOD

Have the link to the VOD?

Description

Time

  • Played on: July 14, 2015, 5:36 p.m.
  • Length: 21:48
Show
View Real Time Build Order
Export as new Build Order

Kingler Zerg 

Build Orders: Hatch First, Lurkers 

Get SALT Encoding   

  12  0:02  Drone  
  13  0:12  Overlord  
  13  0:18  Drone  
  14  0:37  Drone  
  14  0:38  Drone x2  
  17  0:48  Drone  
  18  1:01  Drone  
  19  1:04  Hatchery  
  19  1:10  Drone  
  19  1:18  Spawning Pool  
  18  1:24  Drone  
  19  1:33  Drone  
  20  1:41  Overlord  
  20  1:48  Extractor  
  19  2:04  Drone x2  
  19  2:05  Queen  
  23  2:16  Queen  
  23  2:17  Zergling x4  
  27  2:26  Drone  
  28  2:32  Drone  
  28  2:36  Hatchery  
  28  2:52  Drone x4  
  28  2:57  Zergling x2  
  32  3:08  Drone x2  
  33  3:13  Zergling x2  
  33  3:19  Drone  
  33  3:25  Drone  
  33  3:30  Roach Warren  
  33  3:31  Drone  
  33  3:38  Drone  
  33  3:41  Overlord  
  34  3:44  Queen  
  35  3:50  Spine Crawler  
  35  3:51  Metabolic Boost  
  34  3:56  Queen  
  37  4:02  Zergling x2  
  37  4:03  Zergling x12  
  37  4:04  Zergling x2  
  44  4:12  Zergling x6  
  44  4:13  Zergling x2  
  48  4:21  Spine Crawler  
  48  4:23  Overlord  
  47  4:30  Roach  
  49  4:31  Overlord  
  49  4:54  Roach x7  
  62  5:01  Queen  
  60  5:10  Zergling x2  
  60  5:11  Zergling x6  
  62  5:27  Zergling x2  
  62  5:28  Zergling x6  
  66  5:39  Overlord x2  
  66  5:40  Lair  
  66  5:42  Extractor  
  65  5:44  Drone  
  65  5:45  Overlord  
  60  5:59  Drone x6  
  66  6:05  Drone x3  
  69  6:29  Drone x2  
  62  7:01  Drone x11  
  62  7:02  Drone x14  
  62  7:03  Drone  
  85  7:13  Drone x3  
  86  7:28  Hatchery  
  85  7:30  Zergling x6  
  88  7:41  Zergling x2  
  88  7:43  Hydralisk Den  
  88  7:46  Extractor  
  87  7:56  Extractor  
  86  7:59  Zergling x8, Extractor  
  86  8:00  Overlord  
  86  8:01  Overlord x2  
  89  8:11  Evolution Chamber  
  88  8:14  Evolution Chamber, Overlord x2  
  88  8:15  Overlord x2  
  88  8:16  Overlord x2  
  87  8:27  Lurker Den, Overseer  
  87  8:37  Extractor  
  86  8:46  Zergling x2  
  86  8:47  Zergling x24  
  99  9:01  Zergling x2  
  99  9:02  Zergling x16  
  108  9:05  Zerg Ground Armor Level 1, Zerg Melee Weapons Level 1  
  106  9:21  Queen  
  100  9:36  Spore Crawler  
  100  9:37  Hydralisk  
  100  9:38  Hydralisk x7  
  103  9:39  Hydralisk x7  
  129  10:00  Overseer  
  129  10:08  Hydralisk x12  
  149  10:29  Drone x5  
  149  10:30  Overlord x2  
  154  10:44  Overlord x4  
  152  10:50  Drone  
  152  10:53  Muscular Augments  
  153  11:00  Zerg Missile Weapons Level 1, Zerg Ground Armor Level 2  
  153  11:01  Hatchery, Infestation Pit  
  151  11:04  Drone x2  
  151  11:05  Drone x2  
  155  11:13  Lurker x5  
  156  11:59  Roach x16  
  156  12:00  Roach x3  
  187  12:11  Hydralisk x5  
  196  12:22  Overlord, Roach x2  
  198  12:23  Overlord  
  198  12:26  Hive  
  187  12:40  Roach x10  
  192  13:00  Roach  
  192  13:01  Roach x4  
  192  13:08  Hydralisk x7  
  182  13:51  Hydralisk  
  182  13:52  Hydralisk x10  
  196  14:08  Hydralisk  
  196  14:09  Hydralisk  
  200  14:16  Spire  
  199  14:41  Zergling x2  
  199  14:42  Extractor  
  199  14:47  Extractor  
  195  15:03  Hydralisk x2  
  195  15:04  Overlord  
  195  15:05  Overlord  
  195  15:06  Zerg Melee Weapons Level 2  
  199  15:07  Zerg Ground Armor Level 3  
  181  15:34  Corruptor x5  
  137  15:59  Burrow  
  137  16:00  Corruptor x2  
  119  16:21  Drone x4  
  119  16:22  Drone x2  
  125  16:28  Corruptor x4  
  130  16:32  Zergling x2  
  130  16:33  Zergling x22  
  138  17:04  Corruptor x2  
  138  17:05  Corruptor x3  
  148  17:12  Mutalisk x2  
  148  17:13  Mutalisk  
  130  17:40  Mutalisk x4  
  136  18:06  Mutalisk x2  
  140  18:17  Hatchery, Zerg Flyer Weapons Level 1  
  139  18:21  Mutalisk  
  139  18:22  Mutalisk  
  143  18:32  Mutalisk x3  
  147  18:49  Mutalisk x3  
  147  18:50  Mutalisk  
  155  19:01  Mutalisk x2  
  136  19:10  Mutalisk  
  136  19:16  Mutalisk  
  130  19:18  Zergling x2  
  120  19:39  Overseer  
  120  19:40  Drone  
  112  19:56  Drone  
  112  19:59  Mutalisk  
  113  20:03  Hatchery  
  102  20:11  Hatchery  
Show
View Real Time Build Order
Export as new Build Order

Psychedelic Protoss - Winner!

Build Orders:  

Get SALT Encoding   

  12  0:00  Probe  
  13  0:16  Pylon  
  13  0:18  Probe  
  14  0:32  Assimilator  
  14  0:34  Probe (Chrono Boost)  
  15  0:41  Gateway  
  15  0:45  Probe (Chrono Boost)  
  16  0:51  Probe (Chrono Boost)  
  17  1:03  Probe  
  18  1:12  Assimilator  
  18  1:14  Pylon  
  18  1:15  Probe (Chrono Boost)  
  19  1:27  Probe (Chrono Boost)  
  20  1:37  Cybernetics Core  
  20  1:40  Zealot  
  20  1:44  Probe (Chrono Boost)  
  23  1:56  Probe (Chrono Boost)  
  24  2:04  Probe (Chrono Boost)  
  24  2:07  Pylon  
  25  2:14  Mothership Core, Stalker (Chrono Boost)  
  25  2:15  Warp Gate  
  29  2:29  Robotics Facility  
  29  2:35  Probe  
  30  2:53  Zealot  
  30  2:54  Probe  
  31  3:25  Probe, Warp Prism (Chrono Boost)  
  32  3:42  Nexus  
  32  3:43  Forge  
  32  3:44  Probe, Pylon  
  33  3:57  Probe  
  33  4:02  Immortal  
  38  4:04  Protoss Ground Weapons Level 1  
  38  4:08  Pylon  
  38  4:09  Probe  
  39  4:26  Zealot  
  41  5:07  Probe  
  41  5:08  Immortal (Chrono Boost)  
  41  5:14  Nexus, Pylon  
  46  5:17  Pylon  
  46  5:18  Pylon  
  46  5:31  Probe  
  46  5:32  Probe  
  52  5:45  Pylon  
  52  5:46  Immortal (Chrono Boost)  
  52  5:59  Probe x2  
  52  6:02  Assimilator  
  54  6:06  Assimilator  
  54  6:10  Photon Cannon  
  54  6:11  Probe x2  
  54  6:13  Zealot  
  58  6:21  Twilight Council  
  58  6:24  Probe (Chrono Boost)  
  60  6:26  Probe (Chrono Boost)  
  60  6:27  Probe (Chrono Boost)  
  61  6:36  Probe (Chrono Boost)  
  62  6:40  Photon Cannon  
  62  6:42  Gateway  
  57  7:02  Immortal (Chrono Boost)  
  57  7:03  Probe  
  62  7:21  Blink (Chrono Boost)  
  62  7:23  Probe x2  
  62  7:28  Probe  
  65  7:34  Protoss Ground Weapons Level 2 (Chrono Boost)  
  65  7:35  Probe  
  65  7:36  Probe  
  67  7:40  Probe  
  67  7:41  Observer (Chrono Boost)  
  69  7:48  Probe (Chrono Boost)  
  69  7:49  Probe (Chrono Boost)  
  71  7:52  Probe (Chrono Boost)  
  71  7:55  Gateway  
  72  7:59  Observer (Chrono Boost)  
  72  8:00  Probe (Chrono Boost)  
  72  8:01  Stalker  
  72  8:02  Stalker  
  79  8:06  Probe (Chrono Boost)  
  79  8:19  Probe (Chrono Boost)  
  81  8:20  Probe (Chrono Boost)  
  81  8:23  Probe (Chrono Boost)  
  82  8:27  Pylon  
  82  8:32  Warp Prism  
  84  8:34  Gateway x2  
  84  8:37  Gateway  
  84  8:44  Stalker x2  
  84  8:47  Probe  
  89  8:51  Templar Archives  
  89  8:54  Pylon  
  89  8:57  Pylon  
  89  9:02  Zealot  
  91  9:07  Zealot  
  91  9:08  Zealot  
  91  9:21  Probe  
  91  9:23  Stalker  
  91  9:24  Stalker x2  
  96  9:27  Probe  
  99  9:32  Pylon  
  99  9:33  Probe, Stargate  
  99  9:34  Probe  
  99  9:35  Stargate  
  101  9:39  Pylon, Stargate  
  101  9:43  Probe  
  102  9:47  Protoss Ground Weapons Level 3 (Chrono Boost)  
  102  10:17  Zealot x5  
  87  10:29  Stalker  
  87  10:32  Probe  
  87  10:33  Probe  
  91  10:41  Photon Cannon  
  91  10:42  Photon Cannon x2  
  91  10:44  Fleet Beacon  
  91  10:45  Photon Cannon  
  91  10:46  Photon Cannon  
  91  10:47  Pylon x2  
  91  10:52  Sentry x3, Pylon  
  91  10:56  Stalker x2  
  101  10:58  Stalker, Psionic Storm  
  103  11:08  Pylon  
  103  11:16  High Templar x3  
  109  11:23  Stalker x2  
  113  11:37  Stalker  
  115  11:41  Carrier x2 (Chrono Boost)  
  115  11:46  Carrier (Chrono Boost)  
  113  12:06  Anion Pulse-Crystals  
  113  12:07  Observer (Chrono Boost)  
  132  12:10  Probe  
  132  12:12  Assimilator  
  132  12:13  Assimilator  
  133  12:17  Zealot  
  131  12:25  Probe  
  123  12:46  Probe  
  106  13:08  Carrier (Chrono Boost)  
  106  13:10  Graviton Catapult  
  97  13:15  Carrier (Chrono Boost)  
  97  13:27  Nexus  
  97  13:28  Pylon  
  97  13:32  Probe  
  110  13:35  Assimilator  
  109  13:42  Assimilator  
  109  13:52  Carrier (Chrono Boost)  
  109  14:15  Zealot x3  
  109  14:16  Zealot x3  
  127  14:34  Probe  
  127  14:37  Photon Cannon  
  128  14:45  Observer  
  93  15:53  Zealot x3  
  93  15:54  Zealot x2  
  99  16:12  Probe  
  99  16:17  Nexus  
  100  16:23  Pylon  
  100  16:28  Nexus  
  100  16:29  Zealot x2  
  100  16:30  Pylon, Zealot x2  
  108  16:39  Pylon  
  106  16:55  Probe  
  106  16:56  Probe  
  108  17:04  Assimilator  
  108  17:09  Zealot x5  
  106  17:31  Stalker x3  
  112  17:49  Probe  
  112  17:50  Protoss Ground Armor Level 1 (Chrono Boost)  
  113  17:56  Photon Cannon  
  113  17:57  Photon Cannon  
  113  17:59  Photon Cannon  
  113  18:01  Photon Cannon  
  113  18:03  Probe x3, Photon Cannon  
  113  18:04  Probe x2  
  113  18:05  Pylon  
  118  18:09  Assimilator  
  118  18:14  Assimilator  
  118  18:15  Probe  
  118  18:19  Assimilator  
  119  18:27  Stalker  
  119  18:28  Stalker x4  
  129  18:35  Probe  
  130  18:52  Stalker x4  
  130  18:53  Stalker  
  116  19:21  Stalker x3  
  116  19:22  Stalker x2  
  123  19:40  Mothership Core  
  125  19:48  Stalker x3  
  125  19:49  Stalker  
  133  19:52  High Templar  
  133  20:20  High Templar x2  
  133  20:21  High Templar x2  
  139  20:33  Probe x3  
  139  20:34  Probe  
  143  20:36  Photon Cannon  
  143  20:37  Stalker  
  143  20:42  Photon Cannon  
Tags
 
Add a new tag
Caveats
  • Supply blocks, unpowered buildings, or Contaminate may cause inaccurate times.
  • Supply counts are checked every 10 seconds.